Washington Capitals vs Tampa Bay Lightning (R1)

Created - Monday, January 19, 2026 at 07:55

Goals
1 2 3 T
Washington Capitals 0 2 2 4
Tampa Bay Lightning 0 0 2 2
Shots
1 2 3 T
Washington Capitals 14 13 7 34
Tampa Bay Lightning 9 12 9 30

1st period

No Goal

Penalties :
No Penalty

2nd period

1. Washington Capitals , Tomas Hertl 3 (Drake Batherson 3, Nick Foligno 2) at 15:57 (PP)
2. Washington Capitals , Tom Wilson 2 (Alex Ovechkin 2, John Carlson 3) at 18:42

Penalties :
Ian Cole (WSH) for Tripping (Minor) at 3:58, Stefan Noesen (WSH) for Interference (Minor) at 8:25, Michael Matheson (TBL) for Interference (Minor) at 14:21, Jamie Oleksiak (WSH) for Holding (Minor) at 19:06

3rd period

3. Tampa Bay Lightning , Trevor Moore 1 (Michael Matheson 1, Claude Giroux 3) at 4:04 (SH)
4. Washington Capitals , Tom Wilson 3 (Alex Ovechkin 3, Shane Pinto 3) at 4:27 (PP)
5. Washington Capitals , Shane Pinto 3 (John Carlson 4, Marco Rossi 4) at 4:47 (PP)
6. Tampa Bay Lightning , Kirill Kaprizov 2 (Jamie Benn 1, Moritz Seider 3) at 18:47

Penalties :
Ben Chiarot (TBL) for Hooking (Minor) at 3:55, Claude Giroux (TBL) for Roughing (Minor) at 4:30, Nikita Zadorov (WSH) for Interference (Minor) at 6:09, Tyler Myers (WSH) for High sticking (Minor) at 6:53

Goalie Stats

Casey DeSmith (WSH), 28 saves from 30 shots - (0.933), W, 2-0-0, 60:00 minutes
Darcy Kuemper (TBL), 30 saves from 34 shots - (0.882), L, 2-2-0, 60:00 minutes

Players Stats for Washington Capitals

Player Name              G  A  P  +/- PIM S  H  SB GA TA FO     MP     PP MP  PK MP  
------------------------------------------------------------------------------------
Alex Ovechkin            0  2  2  -1  0   4  0  0  0  1  1/2    15:46   1:03   0:00 
Drake Batherson          0  1  1   0  0   4  0  1  1  0  0/0     9:22   1:22   0:00 
Frederick Gaudreau       0  0  0   0  0   2  0  1  1  0  3/8    17:18   0:00   4:09 
Ian Cole                 0  0  0   0  2   0  4  0  0  3  0/0    18:58   0:00   3:18 
Jamie Oleksiak           0  0  0  -1  2   1  1  1  0  0  0/0    21:27   0:00   3:08 
Jason Robertson          0  0  0  -1  0   1  0  0  2  0  0/2    14:32   1:48   0:00 
John Carlson             0  2  2  -1  0   3  0  3  0  0  0/0    23:31   0:37   4:15 
Lars Eller               0  0  0   0  0   2  0  0  0  0  4/5     8:18   0:00   0:00 
Marco Rossi              0  1  1   0  0   2  2  0  0  0  11/15  13:14   0:37   0:00 
Nick Foligno             0  1  1   0  0   0  2  1  0  2  1/2    18:17   1:22   3:38 
Nick Jensen              0  0  0   1  0   0  0  2  0  0  0/0    18:12   0:00   2:46 
Nikita Zadorov           0  0  0   1  2   0  0  1  0  0  0/0    15:05   0:00   0:30 
Sean Kuraly              0  0  0   0  0   1  2  0  0  0  0/0     8:27   0:00   0:08 
Shane Pinto              1  1  2  -1  0   1  1  0  0  0  9/22   20:09   1:03   4:23 
Stefan Noesen            0  0  0   0  2   2  1  0  2  0  0/1    12:54   0:00   0:00 
Tom Wilson               2  0  2  -1  0   6  3  2  1  0  2/3    19:33   1:03   3:47 
Tomas Hertl              1  0  1   0  0   5  1  0  0  0  6/10   14:06   1:22   0:00 
Tyler Myers              0  0  0  -1  2   0  0  1  0  0  0/0    20:51   1:48   3:22 

Players Stats for Tampa Bay Lightning

Player Name              G  A  P  +/- PIM S  H  SB GA TA FO     MP     PP MP  PK MP  
------------------------------------------------------------------------------------
Anze Kopitar             0  0  0   0  0   1  0  0  0  1  9/20   18:44   4:15   1:21 
Ben Chiarot              0  0  0   1  2   2  4  2  1  0  0/0    23:11   4:16   1:03 
Claude Giroux            0  1  1   1  2   4  0  1  0  1  2/5    19:27   4:15   1:02 
Darnell Nurse            0  0  0  -1  0   0  2  2  0  2  0/0    23:34   4:16   1:20 
Dylan Cozens             0  0  0   0  0   2  1  0  0  0  0/0    13:36   0:00   0:00 
Filip Forsberg           0  0  0   0  0   3  0  0  1  0  0/1    18:03   4:15   0:00 
Hampus Lindholm          0  0  0   0  0   0  0  2  0  0  0/0    12:50   0:00   0:00 
Jamie Benn               0  1  1   0  0   0  1  0  0  1  9/15   15:20   0:00   1:21 
Jason Dickinson          0  0  0   0  0   1  0  0  0  0  1/2     7:43   0:00   0:02 
Jonathan Huberdeau       0  0  0   0  0   1  3  1  1  0  0/0    13:15   0:00   0:00 
Justin Brazeau           0  0  0   0  0   2  2  0  0  0  0/0     8:04   0:00   0:00 
Kirill Kaprizov          1  0  1   0  0   1  1  0  0  0  0/1    18:59   4:25   0:00 
Michael Matheson         0  1  1   0  2   0  1  0  1  1  0/0    22:50   4:24   0:15 
Moritz Seider            0  1  1   2  0   4  0  2  0  0  0/0    23:36   4:24   1:05 
Roope Hintz              0  0  0   0  0   3  1  0  1  1  12/23  18:09   4:25   0:00 
Travis Konecny           0  0  0   0  0   4  3  0  1  0  0/1    17:29   4:25   0:00 
Trevor Moore             1  0  1   1  0   2  1  0  0  0  0/2     8:45   0:00   1:04 
Vincent Desharnais       0  0  0   0  0   0  1  2  0  0  0/0    13:57   0:00   1:07 

3 Stars

1 - Tom Wilson (WSH)
2 - Shane Pinto (WSH)
3 - Tomas Hertl (WSH)

Power Play

Washington Capitals - 3 on 3 Attempt(s) - 100.00%
Tampa Bay Lightning - 0 on 5 Attempt(s) - 0.00%

Penalty Kill

Washington Capitals - 5 on 5 Attempt(s) - 100.00% - Score 0 goal in Penalty Kill
Tampa Bay Lightning - 0 on 3 Attempt(s) - 0.00% - Score 1 goal in Penalty Kill

Team Stat

Washington Capitals - Hits : 17 - Faceoff Wins : 37 - Blocked Shots : 13 - Penalty Minutes : 10
Tampa Bay Lightning - Hits : 21 - Faceoff Wins : 33 - Blocked Shots : 12 - Penalty Minutes : 6

Official

Referees : Chris Schlenker and Graham Skilliter
Linesman : Ben O'Quinn and Caleb Apperson

Game Notes

No Game Note

Finance

Level 1 -- Attendance: 5318 (88.63%) -- Ticket Income $505,210
Level 2 -- Attendance: 4786 (95.72%) -- Ticket Income $263,230
Level 3 -- Attendance: 3000 (100.00%) -- Ticket Income $96,000
Level 4 -- Attendance: 5000 (100.00%) -- Ticket Income $110,000
Luxury Box -- Attendance: 1000 (100.00%) -- Ticket Income $193,000
Game was played at the Tampa Bay Times Forum.
Total Attendance: 19104 (95.52%)
Total Ticket Income: $1,167,440
Other Income: $408,604
Total Income: $1,576,044

Washington Capitals

5 vs 5 Forward 
   Center                   Left Wing                Right Wing               Time % Phy DF OF 
 1 Shane Pinto              Alex Ovechkin            Tom Wilson               30     0   2  3  
 2 Tomas Hertl              Jason Robertson          Nick Foligno             29     0   2  3  
 3 Marco Rossi              Frederick Gaudreau       Stefan Noesen            28     0   2  3  
 4 Lars Eller               Sean Kuraly              Drake Batherson          13     0   2  3  

5 vs 5 Defense 
   Defense                  Defense                                           Time % Phy DF OF 
 1 John Carlson             Jamie Oleksiak                                    37     0   3  2  
 2 Tyler Myers              Ian Cole                                          34     0   3  2  
 3 Nikita Zadorov           Nick Jensen                                       29     1   3  1  
 4 Nikita Zadorov           Nick Jensen                                       0      1   2  2  

PowerPlay Forward 
   Center                   Left Wing                Right Wing               Time % Phy DF OF 
 1 Shane Pinto              Alex Ovechkin            Tom Wilson               50     0   1  4  
 2 Tomas Hertl              Drake Batherson          Nick Foligno             50     0   1  4  

PowerPlay Defense
   Defense                  Defense                                           Time % Phy DF OF 
 1 John Carlson             Marco Rossi                                       50     0   2  3  
 2 Tyler Myers              Jason Robertson                                   50     0   2  3  

Penalty Kill 4 Players Forward 
   Center                   Wing                     Time % Phy DF OF 
 1 Shane Pinto              Tom Wilson               50     0   4  1  
 2 Frederick Gaudreau       Nick Foligno             50     0   4  1  

Penalty Kill 4 Players Defense
   Defense                  Defense                  Time % Phy DF OF 
 1 John Carlson             Jamie Oleksiak           50     1   4  0  
 2 Tyler Myers              Ian Cole                 50     1   4  0  

Penalty Kill - 3 Players Forward 
   Forward                                           Time % Phy DF OF 
 1 Shane Pinto                                       50     0   5  0  
 2 Frederick Gaudreau                                50     1   2  2  

Penalty Kill - 3 Players Defense
   Defense                  Defense                  Time % Phy DF OF 
 1 John Carlson             Nikita Zadorov           50     1   4  0  
 2 Tyler Myers              Ian Cole                 50     1   4  0  

4 vs 4 Forward 
   Center                   Wing                     Time % Phy DF OF 
 1 Shane Pinto              Alex Ovechkin            50     1   1  3  
 2 Tomas Hertl              Jason Robertson          50     1   1  3  

4 vs 4 Defense
   Defense                  Defense                  Time % Phy DF OF 
 1 John Carlson             Jamie Oleksiak           50     1   2  2  
 2 Tyler Myers              Nick Jensen              50     1   2  2  

Last Minutes Offensive
   Center                   Left Wing                Right Wing               Defense                  Defense                  
   Tomas Hertl              Alex Ovechkin            Tom Wilson               John Carlson             Jason Robertson          

Last Minutes Defensive
   Center                   Left Wing                Right Wing               Defense                  Defense                  
   Shane Pinto              Frederick Gaudreau       Nick Foligno             Ian Cole                 Jamie Oleksiak           

Goaltenders
Starting : Casey DeSmith            
Backup : Jake Oettinger           

Extra Forwards
Normal : Sean Kuraly, Lars Eller, Stefan Noesen - PP : Stefan Noesen, Frederick Gaudreau - PK : Sean Kuraly
Extra Defensemen
Normal : Nikita Zadorov, Nick Jensen, Ian Cole - PP : Nick Jensen - PK : Nick Jensen, Nikita Zadorov
Penalty Shots
Jason Robertson, Frederick Gaudreau, Lars Eller, Alex Ovechkin, Drake Batherson

Scratches
Noah Warren (Healthy), Fabian Zetterlund (Healthy)

Tampa Bay Lightning

5 vs 5 Forward 
   Center                   Left Wing                Right Wing               Time % Phy DF OF 
 1 Roope Hintz              Filip Forsberg           Dylan Cozens             30     1   2  2  
 2 Anze Kopitar             Jonathan Huberdeau       Travis Konecny           30     1   2  2  
 3 Jamie Benn               Kirill Kaprizov          Claude Giroux            30     1   2  2  
 4 Jason Dickinson          Trevor Moore             Justin Brazeau           10     1   2  2  

5 vs 5 Defense 
   Defense                  Defense                                           Time % Phy DF OF 
 1 Michael Matheson         Darnell Nurse                                     40     1   2  2  
 2 Moritz Seider            Ben Chiarot                                       40     1   2  2  
 3 Hampus Lindholm          Vincent Desharnais                                20     1   2  2  
 4 Moritz Seider            Michael Matheson                                  0      1   2  2  

PowerPlay Forward 
   Center                   Left Wing                Right Wing               Time % Phy DF OF 
 1 Roope Hintz              Kirill Kaprizov          Travis Konecny           50     1   2  2  
 2 Anze Kopitar             Filip Forsberg           Claude Giroux            50     1   2  2  

PowerPlay Defense
   Defense                  Defense                                           Time % Phy DF OF 
 1 Moritz Seider            Michael Matheson                                  50     1   2  2  
 2 Darnell Nurse            Ben Chiarot                                       50     1   2  2  

Penalty Kill 4 Players Forward 
   Center                   Wing                     Time % Phy DF OF 
 1 Anze Kopitar             Jamie Benn               50     1   2  2  
 2 Claude Giroux            Trevor Moore             50     1   2  2  

Penalty Kill 4 Players Defense
   Defense                  Defense                  Time % Phy DF OF 
 1 Moritz Seider            Michael Matheson         50     1   2  2  
 2 Darnell Nurse            Ben Chiarot              50     1   2  2  

Penalty Kill - 3 Players Forward 
   Forward                                           Time % Phy DF OF 
 1 Claude Giroux                                     50     1   2  2  
 2 Jason Dickinson                                   50     1   2  2  

Penalty Kill - 3 Players Defense
   Defense                  Defense                  Time % Phy DF OF 
 1 Moritz Seider            Michael Matheson         50     1   2  2  
 2 Darnell Nurse            Ben Chiarot              50     1   2  2  

4 vs 4 Forward 
   Center                   Wing                     Time % Phy DF OF 
 1 Anze Kopitar             Claude Giroux            50     1   2  2  
 2 Roope Hintz              Filip Forsberg           50     1   2  2  

4 vs 4 Defense
   Defense                  Defense                  Time % Phy DF OF 
 1 Moritz Seider            Michael Matheson         50     1   2  2  
 2 Darnell Nurse            Ben Chiarot              50     1   2  2  

Last Minutes Offensive
   Center                   Left Wing                Right Wing               Defense                  Defense                  
   Roope Hintz              Filip Forsberg           Claude Giroux            Moritz Seider            Michael Matheson         

Last Minutes Defensive
   Center                   Left Wing                Right Wing               Defense                  Defense                  
   Claude Giroux            Trevor Moore             Jason Dickinson          Moritz Seider            Michael Matheson         

Goaltenders
Starting : Darcy Kuemper            
Backup : Jeremy Swayman           

Extra Forwards
Normal : Justin Brazeau, Kirill Kaprizov, Jonathan Huberdeau - PP : Jonathan Huberdeau, Dylan Cozens - PK : Jason Dickinson
Extra Defensemen
Normal : Michael Matheson, Moritz Seider, Hampus Lindholm - PP : Hampus Lindholm - PK : Vincent Desharnais, Hampus Lindholm
Penalty Shots
Trevor Moore, Anze Kopitar, Filip Forsberg, Jamie Benn, Jonathan Huberdeau

Scratches
None


% Time on Ice - Washington Capitals

Lines # - Real PCT - Wanted PCT - Time Play
Normal Forward
1 - 31% - 30% - 15:01
2 - 27% - 29% - 13:17
3 - 26% - 28% - 12:37
4 - 16% - 13% - 8:00
Normal Defense
1 - 38% - 37% - 18:39
2 - 32% - 34% - 15:40
3 - 29% - 29% - 14:08
4 - 1% - 0% - 0:28
PP Forward
1 - 43% - 50% - 1:03
2 - 57% - 50% - 1:22
PP Defense
1 - 26% - 50% - 0:37
2 - 74% - 50% - 1:48
PK Forward
1 - 51% - 50% - 3:47
2 - 49% - 50% - 3:38
PK Defense
1 - 48% - 50% - 3:32
2 - 52% - 50% - 3:53
PK3 Forward
1 - 48% - 50% - 0:36
2 - 52% - 50% - 0:39
PK3 Defense
1 - 57% - 50% - 0:43
2 - 43% - 50% - 0:32
44 Forward
1 - 0% - 50%
2 - 0% - 50%
44 Defense
1 - 0% - 50%
2 - 0% - 50%
Last Minute Offensive  - 0:00
Last Minute Defensive  - 0:00
Total
Forward - 60:00
Defense - 60:00

% Time on Ice - Tampa Bay Lightning

Lines # - Real PCT - Wanted PCT - Time Play
Normal Forward
1 - 29% - 30% - 14:11
2 - 27% - 30% - 13:04
3 - 29% - 30% - 13:59
4 - 16% - 10% - 7:41
Normal Defense
1 - 35% - 40% - 16:56
2 - 37% - 40% - 17:53
3 - 26% - 20% - 12:50
4 - 3% - 0% - 1:16
PP Forward
1 - 51% - 50% - 4:25
2 - 49% - 50% - 4:15
PP Defense
1 - 51% - 50% - 4:24
2 - 49% - 50% - 4:16
PK Forward
1 - 56% - 50% - 1:21
2 - 44% - 50% - 1:04
PK Defense
1 - 45% - 50% - 1:05
2 - 55% - 50% - 1:20
PK3 Forward
1 - 0% - 50%
2 - 0% - 50%
PK3 Defense
1 - 0% - 50%
2 - 0% - 50%
44 Forward
1 - 0% - 50%
2 - 0% - 50%
44 Defense
1 - 0% - 50%
2 - 0% - 50%
Last Minute Offensive  - 0:00
Last Minute Defensive  - 0:00
Total
Forward - 60:00
Defense - 60:00

Play-by-Play

1st period


0:01 of 1st period - Shane Pinto wins face-off versus Roope Hintz in neutral zone.
0:06 of 1st period - Snap shot by Alex Ovechkin.
0:06 of 1st period - Shot Misses the Net.
0:45 of 1st period - Off-side.
0:46 of 1st period - Marco Rossi wins face-off versus Claude Giroux in neutral zone.
0:49 of 1st period - Wrist shot by Marco Rossi.
0:49 of 1st period - Shot Misses the Net.
1:11 of 1st period - Lars Eller is hit by Justin Brazeau and loses puck.
1:16 of 1st period - Wrist shot by Justin Brazeau.
1:16 of 1st period - Shot Misses the Net.
2:21 of 1st period - Snap shot by Stefan Noesen.
2:21 of 1st period - Stopped by Darcy Kuemper without a rebound.
2:22 of 1st period - Marco Rossi wins face-off versus Jamie Benn in Tampa Bay Lightning zone.
2:23 of 1st period - Wrist shot by Frederick Gaudreau.
2:23 of 1st period - Shot Blocked by Claude Giroux.
2:25 of 1st period - Snap shot by Stefan Noesen.
2:25 of 1st period - Shot Misses the Net.
2:27 of 1st period - Wrist shot by Marco Rossi.
2:27 of 1st period - Shot Misses the Net.
2:29 of 1st period - Wrist shot by Jamie Oleksiak.
2:29 of 1st period - Shot Blocked by Moritz Seider.
2:31 of 1st period - Snap shot by John Carlson.
2:31 of 1st period - Shot Hit the Post.
2:33 of 1st period - Slapshot by Stefan Noesen.
2:33 of 1st period - Shot Misses the Net.
2:35 of 1st period - Snap shot by Stefan Noesen.
2:35 of 1st period - Stopped by Darcy Kuemper without a rebound.
2:36 of 1st period - Tomas Hertl wins face-off versus Roope Hintz in Tampa Bay Lightning zone.
3:10 of 1st period - Wrist shot by Anze Kopitar.
3:10 of 1st period - Stopped by Casey DeSmith with a rebound.
3:12 of 1st period - Slapshot by Ben Chiarot.
3:12 of 1st period - Stopped by Casey DeSmith without a rebound.
3:13 of 1st period - Jamie Benn wins face-off versus Stefan Noesen in Washington Capitals zone.
4:22 of 1st period - Snap shot by Drake Batherson.
4:22 of 1st period - Shot Misses the Net.
4:24 of 1st period - Slapshot by Nikita Zadorov.
4:24 of 1st period - Shot Misses the Net.
4:26 of 1st period - Slapshot by Nikita Zadorov.
4:26 of 1st period - Shot Blocked by Ben Chiarot.
5:11 of 1st period - Snap shot by Claude Giroux.
5:11 of 1st period - Stopped by Casey DeSmith without a rebound.
5:12 of 1st period - Alex Ovechkin wins face-off versus Roope Hintz in Washington Capitals zone.
5:21 of 1st period - Backhand shot by Filip Forsberg.
5:21 of 1st period - Shot Blocked by Tom Wilson.
5:23 of 1st period - Slapshot by Dylan Cozens.
5:23 of 1st period - Shot Misses the Net.
5:25 of 1st period - Slapshot by Darnell Nurse.
5:25 of 1st period - Deflect By Roope Hintz.
5:25 of 1st period - Shot Misses the Net.
5:25 of 1st period - Puck is out of play.
5:26 of 1st period - Marco Rossi wins face-off versus Anze Kopitar in Washington Capitals zone.
5:51 of 1st period - Wrist shot by Alex Ovechkin.
5:51 of 1st period - Shot Misses the Net.
6:41 of 1st period - Snap shot by Trevor Moore.
6:41 of 1st period - Shot Blocked by Nick Jensen.
6:43 of 1st period - Snap shot by Darnell Nurse.
6:43 of 1st period - Shot Blocked by Drake Batherson.
6:52 of 1st period - Off-side.
6:53 of 1st period - Anze Kopitar wins face-off versus Marco Rossi in neutral zone.
6:55 of 1st period - Off-side.
6:56 of 1st period - Marco Rossi wins face-off versus Anze Kopitar in neutral zone.
7:03 of 1st period - Snap shot by Marco Rossi.
7:03 of 1st period - Deflect By Stefan Noesen.
7:03 of 1st period - Shot Blocked by Ben Chiarot.
7:03 of 1st period - Puck is out of play.
7:04 of 1st period - Roope Hintz wins face-off versus Tomas Hertl in Tampa Bay Lightning zone.
7:40 of 1st period - Backhand shot by Travis Konecny.
7:40 of 1st period - Stopped by Casey DeSmith with a rebound.
8:21 of 1st period - Snap shot by Tomas Hertl.
8:21 of 1st period - Shot Misses the Net.
8:27 of 1st period - Ian Cole is hit by Justin Brazeau and loses puck.
8:49 of 1st period - Off-side.
8:50 of 1st period - Shane Pinto wins face-off versus Anze Kopitar in neutral zone.
8:59 of 1st period - Slapshot by Alex Ovechkin.
8:59 of 1st period - Stopped by Darcy Kuemper with a rebound.
9:01 of 1st period - Wrist shot by John Carlson.
9:01 of 1st period - Stopped by Darcy Kuemper with a rebound.
9:05 of 1st period - Snap shot by Alex Ovechkin.
9:05 of 1st period - Shot Misses the Net.
9:42 of 1st period - Snap shot by Dylan Cozens.
9:42 of 1st period - Shot Misses the Net.
9:44 of 1st period - Snap shot by Dylan Cozens.
9:44 of 1st period - Shot Misses the Net.
9:46 of 1st period - Wrist shot by Filip Forsberg.
9:46 of 1st period - Stopped by Casey DeSmith with a rebound.
9:48 of 1st period - Slapshot by Hampus Lindholm.
9:48 of 1st period - Shot Blocked by Nikita Zadorov.
10:24 of 1st period - Slapshot by Alex Ovechkin.
10:24 of 1st period - Shot Blocked by Moritz Seider.
10:26 of 1st period - Snap shot by Alex Ovechkin.
10:26 of 1st period - Stopped by Darcy Kuemper without a rebound.
10:27 of 1st period - Marco Rossi wins face-off versus Jamie Benn in Tampa Bay Lightning zone.
11:26 of 1st period - Snap shot by Marco Rossi.
11:26 of 1st period - Shot Misses the Net.
11:40 of 1st period - Slapshot by Trevor Moore.
11:40 of 1st period - Shot Blocked by John Carlson.
11:43 of 1st period - Icing by Tom Wilson.
11:44 of 1st period - Jamie Benn wins face-off versus Shane Pinto in Washington Capitals zone.
11:47 of 1st period - Slapshot by Kirill Kaprizov.
11:47 of 1st period - Shot Blocked by Tom Wilson.
11:53 of 1st period - Snap shot by Tom Wilson.
11:53 of 1st period - Shot Misses the Net.
12:07 of 1st period - Slapshot by Tom Wilson.
12:07 of 1st period - Stopped by Darcy Kuemper without a rebound.
12:08 of 1st period - Roope Hintz wins face-off versus Nick Foligno in Tampa Bay Lightning zone.
12:35 of 1st period - Lars Eller is hit by Travis Konecny and loses puck.
12:44 of 1st period - Hampus Lindholm is hit by Sean Kuraly and loses puck.
12:55 of 1st period - Vincent Desharnais is hit by Tom Wilson and loses puck.
13:38 of 1st period - Wrist shot by Trevor Moore.
13:38 of 1st period - Shot Misses the Net.
13:40 of 1st period - Snap shot by Trevor Moore.
13:40 of 1st period - Shot Misses the Net.
13:54 of 1st period - Tyler Myers is hit by Travis Konecny.
14:00 of 1st period - Snap shot by Drake Batherson.
14:00 of 1st period - Stopped by Darcy Kuemper without a rebound.
14:01 of 1st period - Shane Pinto wins face-off versus Filip Forsberg in Tampa Bay Lightning zone.
14:04 of 1st period - Snap shot by Alex Ovechkin.
14:04 of 1st period - Shot Misses the Net.
14:14 of 1st period - Slapshot by Roope Hintz.
14:14 of 1st period - Stopped by Casey DeSmith without a rebound.
14:15 of 1st period - Tomas Hertl wins face-off versus Anze Kopitar in Washington Capitals zone.
14:22 of 1st period - Wrist shot by Tomas Hertl.
14:22 of 1st period - Stopped by Darcy Kuemper with a rebound.
14:24 of 1st period - Slapshot by John Carlson.
14:24 of 1st period - Stopped by Darcy Kuemper with a rebound.
14:26 of 1st period - Snap shot by Nick Foligno.
14:26 of 1st period - Shot Blocked by Jonathan Huberdeau.
14:28 of 1st period - Snap shot by Jason Robertson.
14:28 of 1st period - Deflect By Jonathan Huberdeau.
14:28 of 1st period - Stopped by Darcy Kuemper without a rebound.
14:29 of 1st period - Roope Hintz wins face-off versus Shane Pinto in Tampa Bay Lightning zone.
14:44 of 1st period - Snap shot by Dylan Cozens.
14:44 of 1st period - Stopped by Casey DeSmith with a rebound.
15:19 of 1st period - Darnell Nurse is hit by Stefan Noesen and loses puck.
15:46 of 1st period - Wrist shot by Lars Eller.
15:46 of 1st period - Stopped by Darcy Kuemper without a rebound.
15:47 of 1st period - Roope Hintz wins face-off versus Shane Pinto in Tampa Bay Lightning zone.
15:47 of 1st period - Roope Hintz is hit by Jamie Oleksiak.
16:01 of 1st period - Wrist shot by Filip Forsberg.
16:01 of 1st period - Stopped by Casey DeSmith with a rebound.
16:13 of 1st period - John Carlson is hit by Jamie Benn and loses puck.
16:40 of 1st period - Snap shot by Tomas Hertl.
16:40 of 1st period - Stopped by Darcy Kuemper without a rebound.
16:41 of 1st period - Tomas Hertl wins face-off versus Roope Hintz in Tampa Bay Lightning zone.
16:44 of 1st period - Wrist shot by Tomas Hertl.
16:44 of 1st period - Shot Blocked by Darnell Nurse.
17:00 of 1st period - Filip Forsberg is hit by Tomas Hertl and loses puck.
17:05 of 1st period - Wrist shot by Jason Robertson.
17:05 of 1st period - Shot Misses the Net.
17:08 of 1st period - Icing by Michael Matheson.
17:09 of 1st period - Marco Rossi wins face-off versus Roope Hintz in Tampa Bay Lightning zone.
17:12 of 1st period - Slapshot by Marco Rossi.
17:12 of 1st period - Stopped by Darcy Kuemper without a rebound.
17:13 of 1st period - Marco Rossi wins face-off versus Travis Konecny in Tampa Bay Lightning zone.
17:18 of 1st period - Snap shot by Frederick Gaudreau.
17:18 of 1st period - Shot Misses the Net.
17:33 of 1st period - Travis Konecny is hit by Marco Rossi and loses puck.
17:42 of 1st period - Snap shot by Marco Rossi.
17:42 of 1st period - Stopped by Darcy Kuemper with a rebound.
18:30 of 1st period - Off-side.
18:31 of 1st period - Jamie Benn wins face-off versus Shane Pinto in neutral zone.
18:38 of 1st period - Off-side.
18:39 of 1st period - Jamie Benn wins face-off versus Tom Wilson in neutral zone.
18:58 of 1st period - Snap shot by Claude Giroux.
18:58 of 1st period - Shot Blocked by Jamie Oleksiak.
19:19 of 1st period - Off-side.
19:20 of 1st period - Roope Hintz wins face-off versus Jason Robertson in neutral zone.
19:46 of 1st period - Nikita Zadorov is hit by Ben Chiarot and loses puck.
19:51 of 1st period - Wrist shot by Justin Brazeau.
19:51 of 1st period - Stopped by Casey DeSmith without a rebound.
19:52 of 1st period - Lars Eller wins face-off versus Jason Dickinson in Washington Capitals zone.
Goals for this period are 0 for Washington Capitals vs 0 for Tampa Bay Lightning.
Shots for this period are 14 for Washington Capitals vs 9 for Tampa Bay Lightning.

2nd period


0:01 of 2nd period - Roope Hintz wins face-off versus Tomas Hertl in neutral zone.
0:31 of 2nd period - Icing by John Carlson.
0:32 of 2nd period - Jamie Benn wins face-off versus Alex Ovechkin in Washington Capitals zone.
0:36 of 2nd period - Icing by John Carlson.
0:37 of 2nd period - Shane Pinto wins face-off versus Jamie Benn in Washington Capitals zone.
0:37 of 2nd period - Shane Pinto is hit by Ben Chiarot.
1:08 of 2nd period - Snap shot by Lars Eller.
1:08 of 2nd period - Shot Misses the Net.
1:10 of 2nd period - Slapshot by John Carlson.
1:10 of 2nd period - Deflect By Sean Kuraly.
1:10 of 2nd period - Stopped by Darcy Kuemper without a rebound.
1:11 of 2nd period - Lars Eller wins face-off versus Roope Hintz in Tampa Bay Lightning zone.
1:36 of 2nd period - Jason Robertson is hit by Jonathan Huberdeau and loses puck.
1:41 of 2nd period - Wrist shot by Jonathan Huberdeau.
1:41 of 2nd period - Stopped by Casey DeSmith without a rebound.
1:42 of 2nd period - Marco Rossi wins face-off versus Anze Kopitar in Washington Capitals zone.
1:42 of 2nd period - Marco Rossi is hit by Vincent Desharnais.
2:27 of 2nd period - Slapshot by Alex Ovechkin.
2:27 of 2nd period - Shot Blocked by Hampus Lindholm.
2:29 of 2nd period - Slapshot by Nikita Zadorov.
2:29 of 2nd period - Shot Misses the Net.
2:31 of 2nd period - Snap shot by Alex Ovechkin.
2:31 of 2nd period - Shot Misses the Net.
2:33 of 2nd period - Slapshot by Nick Jensen.
2:33 of 2nd period - Shot Misses the Net.
2:53 of 2nd period - Snap shot by Justin Brazeau.
2:53 of 2nd period - Shot Misses the Net.
2:55 of 2nd period - Slapshot by Hampus Lindholm.
2:55 of 2nd period - Shot Misses the Net.
2:57 of 2nd period - Snap shot by Trevor Moore.
2:57 of 2nd period - Shot Misses the Net.
3:13 of 2nd period - Snap shot by Claude Giroux.
3:13 of 2nd period - Shot Misses the Net.
3:52 of 2nd period - Moritz Seider is hit by Tom Wilson and loses puck.
3:58 of 2nd period - Minor Penalty to Ian Cole for Tripping.
3:59 of 2nd period - Roope Hintz wins face-off versus Shane Pinto in Washington Capitals zone.
4:07 of 2nd period - Wrist shot by Travis Konecny.
4:07 of 2nd period - Stopped by Casey DeSmith without a rebound.
4:08 of 2nd period - Roope Hintz wins face-off versus Shane Pinto in Washington Capitals zone.
4:25 of 2nd period - Snap shot by Roope Hintz.
4:25 of 2nd period - Stopped by Casey DeSmith without a rebound.
4:26 of 2nd period - Frederick Gaudreau wins face-off versus Anze Kopitar in Washington Capitals zone.
5:44 of 2nd period - Tom Wilson is hit by Travis Konecny and loses puck.
5:58 of 2nd period - Penalty to Ian Cole is over, Ian Cole is back on ice.
6:33 of 2nd period - Roope Hintz is hit by Marco Rossi and loses puck.
7:58 of 2nd period - Wrist shot by Claude Giroux.
7:58 of 2nd period - Stopped by Casey DeSmith without a rebound.
7:59 of 2nd period - Roope Hintz wins face-off versus Shane Pinto in Washington Capitals zone.
8:25 of 2nd period - Minor Penalty to Stefan Noesen for Interference.
8:26 of 2nd period - Anze Kopitar wins face-off versus Frederick Gaudreau in Washington Capitals zone.
8:26 of 2nd period - Snap shot by Claude Giroux.
8:26 of 2nd period - Stopped by Casey DeSmith without a rebound.
8:27 of 2nd period - Anze Kopitar wins face-off versus Frederick Gaudreau in Washington Capitals zone.
8:42 of 2nd period - Wrist shot by Anze Kopitar.
8:42 of 2nd period - Shot Blocked by John Carlson.
8:44 of 2nd period - Wrist shot by Darnell Nurse.
8:44 of 2nd period - Deflect By Filip Forsberg.
8:44 of 2nd period - Shot Misses the Net.
8:44 of 2nd period - Puck is out of play.
8:45 of 2nd period - Frederick Gaudreau wins face-off versus Roope Hintz in Washington Capitals zone.
8:56 of 2nd period - Wrist shot by Roope Hintz.
8:56 of 2nd period - Stopped by Casey DeSmith with a rebound.
8:58 of 2nd period - Slapshot by Moritz Seider.
8:58 of 2nd period - Shot Blocked by Tyler Myers.
9:12 of 2nd period - Michael Matheson is hit by Shane Pinto and loses puck.
10:24 of 2nd period - Icing by Michael Matheson.
10:25 of 2nd period - Penalty to Stefan Noesen is over, Stefan Noesen is back on ice.
10:25 of 2nd period - Claude Giroux wins face-off versus Lars Eller in Tampa Bay Lightning zone.
10:36 of 2nd period - Wrist shot by Justin Brazeau.
10:36 of 2nd period - Stopped by Casey DeSmith with a rebound.
10:50 of 2nd period - Tomas Hertl is hit by Kirill Kaprizov and loses puck.
11:00 of 2nd period - Off-side.
11:01 of 2nd period - Marco Rossi wins face-off versus Roope Hintz in neutral zone.
11:33 of 2nd period - Slapshot by Travis Konecny.
11:33 of 2nd period - Stopped by Casey DeSmith with a rebound.
11:35 of 2nd period - Slapshot by Moritz Seider.
11:35 of 2nd period - Stopped by Casey DeSmith without a rebound.
11:36 of 2nd period - Tomas Hertl wins face-off versus Jamie Benn in Washington Capitals zone.
12:06 of 2nd period - Snap shot by Tom Wilson.
12:06 of 2nd period - Stopped by Darcy Kuemper with a rebound.
12:34 of 2nd period - Marco Rossi is hit by Roope Hintz and loses puck.
13:31 of 2nd period - Wrist shot by Tom Wilson.
13:31 of 2nd period - Stopped by Darcy Kuemper with a rebound.
14:21 of 2nd period - Minor Penalty to Michael Matheson for Interference.
14:22 of 2nd period - Tom Wilson wins face-off versus Anze Kopitar in Tampa Bay Lightning zone.
14:35 of 2nd period - Snap shot by Alex Ovechkin.
14:35 of 2nd period - Stopped by Darcy Kuemper without a rebound.
14:36 of 2nd period - Tomas Hertl wins face-off versus Claude Giroux in Tampa Bay Lightning zone.
14:43 of 2nd period - Slapshot by Drake Batherson.
14:43 of 2nd period - Stopped by Darcy Kuemper with a rebound.
14:45 of 2nd period - Slapshot by Tomas Hertl.
14:45 of 2nd period - Stopped by Darcy Kuemper without a rebound.
14:46 of 2nd period - Tomas Hertl wins face-off versus Claude Giroux in Tampa Bay Lightning zone.
15:20 of 2nd period - Wrist shot by Jason Robertson.
15:20 of 2nd period - Shot Blocked by Vincent Desharnais.
15:22 of 2nd period - Slapshot by Tomas Hertl.
15:22 of 2nd period - Stopped by Darcy Kuemper with a rebound.
15:24 of 2nd period - Snap shot by Nick Foligno.
15:24 of 2nd period - Shot Blocked by Vincent Desharnais.
15:55 of 2nd period - Wrist shot by Drake Batherson.
15:55 of 2nd period - Shot Hit the Post.
15:57 of 2nd period - Snap shot by Tomas Hertl.
15:57 of 2nd period - Goal by Tomas Hertl - Washington Capitals : 1 - Tampa Bay Lightning : 0.
15:58 of 2nd period - Tom Wilson wins face-off versus Roope Hintz in neutral zone.
16:01 of 2nd period - Slapshot by John Carlson.
16:01 of 2nd period - Stopped by Darcy Kuemper with a rebound.
16:29 of 2nd period - Wrist shot by Jonathan Huberdeau.
16:29 of 2nd period - Shot Blocked by Frederick Gaudreau.
16:31 of 2nd period - Slapshot by Ben Chiarot.
16:31 of 2nd period - Stopped by Casey DeSmith without a rebound.
16:32 of 2nd period - Marco Rossi wins face-off versus Jamie Benn in Washington Capitals zone.
17:09 of 2nd period - Slapshot by Frederick Gaudreau.
17:09 of 2nd period - Stopped by Darcy Kuemper without a rebound.
17:10 of 2nd period - Anze Kopitar wins face-off versus Tomas Hertl in Tampa Bay Lightning zone.
17:10 of 2nd period - Anze Kopitar is hit by Nick Foligno.
17:24 of 2nd period - Snap shot by Travis Konecny.
17:24 of 2nd period - Stopped by Casey DeSmith with a rebound.
17:26 of 2nd period - Backhand shot by Moritz Seider.
17:26 of 2nd period - Stopped by Casey DeSmith with a rebound.
17:36 of 2nd period - Dylan Cozens is hit by Ian Cole and loses puck.
18:07 of 2nd period - Slapshot by Drake Batherson.
18:07 of 2nd period - Stopped by Darcy Kuemper without a rebound.
18:08 of 2nd period - Anze Kopitar wins face-off versus Tomas Hertl in Tampa Bay Lightning zone.
18:35 of 2nd period - Jamie Benn is hit by Tom Wilson and loses puck.
18:42 of 2nd period - Wrist shot by Tom Wilson.
18:42 of 2nd period - Goal by Tom Wilson - Washington Capitals : 2 - Tampa Bay Lightning : 0.
18:43 of 2nd period - Anze Kopitar wins face-off versus Jason Robertson in neutral zone.
19:06 of 2nd period - Minor Penalty to Jamie Oleksiak for Holding.
19:07 of 2nd period - Anze Kopitar wins face-off versus Frederick Gaudreau in Washington Capitals zone.
19:42 of 2nd period - Backhand shot by Frederick Gaudreau.
19:42 of 2nd period - Stopped by Darcy Kuemper without a rebound.
19:43 of 2nd period - Nick Foligno wins face-off versus Roope Hintz in Tampa Bay Lightning zone.
Goals for this period are 2 for Washington Capitals vs 0 for Tampa Bay Lightning.
Shots for this period are 13 for Washington Capitals vs 12 for Tampa Bay Lightning.

3rd period


0:01 of 3rd period - Anze Kopitar wins face-off versus Frederick Gaudreau in neutral zone.
0:16 of 3rd period - Slapshot by Frederick Gaudreau.
0:16 of 3rd period - Shot Misses the Net.
1:06 of 3rd period - Penalty to Jamie Oleksiak is over, Jamie Oleksiak is back on ice.
1:07 of 3rd period - Darnell Nurse is hit by Nick Foligno and loses puck.
1:24 of 3rd period - Snap shot by Justin Brazeau.
1:24 of 3rd period - Shot Misses the Net.
2:01 of 3rd period - Icing by Travis Konecny.
2:02 of 3rd period - Roope Hintz wins face-off versus Shane Pinto in Tampa Bay Lightning zone.
2:38 of 3rd period - Kirill Kaprizov is hit by Ian Cole and loses puck.
3:19 of 3rd period - Jamie Oleksiak is hit by Jonathan Huberdeau and loses puck.
3:42 of 3rd period - Slapshot by Alex Ovechkin.
3:42 of 3rd period - Stopped by Darcy Kuemper with a rebound.
3:55 of 3rd period - Minor Penalty to Ben Chiarot for Hooking.
3:56 of 3rd period - Claude Giroux wins face-off versus Shane Pinto in Tampa Bay Lightning zone.
4:04 of 3rd period - Slapshot by Michael Matheson.
4:04 of 3rd period - Deflect By Trevor Moore.
4:04 of 3rd period - Goal by Trevor Moore - Washington Capitals : 2 - Tampa Bay Lightning : 1.
4:05 of 3rd period - Shane Pinto wins face-off versus Trevor Moore in neutral zone.
4:07 of 3rd period - Off-side.
4:08 of 3rd period - Shane Pinto wins face-off versus Trevor Moore in neutral zone.
4:21 of 3rd period - Wrist shot by Tom Wilson.
4:21 of 3rd period - Stopped by Darcy Kuemper without a rebound.
4:22 of 3rd period - Shane Pinto wins face-off versus Anze Kopitar in Tampa Bay Lightning zone.
4:27 of 3rd period - Snap shot by Tom Wilson.
4:27 of 3rd period - Goal by Tom Wilson - Washington Capitals : 3 - Tampa Bay Lightning : 1.
4:28 of 3rd period - Jamie Benn wins face-off versus Marco Rossi in neutral zone.
4:30 of 3rd period - Minor Penalty to Claude Giroux for Roughing.
4:31 of 3rd period - Jason Dickinson wins face-off versus Shane Pinto in Tampa Bay Lightning zone.
4:43 of 3rd period - Slapshot by Marco Rossi.
4:43 of 3rd period - Shot Misses the Net.
4:45 of 3rd period - Slapshot by John Carlson.
4:45 of 3rd period - Shot Blocked by Darnell Nurse.
4:47 of 3rd period - Slapshot by Shane Pinto.
4:47 of 3rd period - Goal by Shane Pinto - Washington Capitals : 4 - Tampa Bay Lightning : 1.
4:48 of 3rd period - Marco Rossi wins face-off versus Kirill Kaprizov in neutral zone.
5:05 of 3rd period - Stefan Noesen is hit by Ben Chiarot and loses puck.
5:18 of 3rd period - Tyler Myers is hit by Jonathan Huberdeau and loses puck.
5:41 of 3rd period - Tomas Hertl is hit by Dylan Cozens and loses puck.
5:50 of 3rd period - Wrist shot by Dylan Cozens.
5:50 of 3rd period - Stopped by Casey DeSmith with a rebound.
5:52 of 3rd period - Wrist shot by Filip Forsberg.
5:52 of 3rd period - Stopped by Casey DeSmith without a rebound.
5:53 of 3rd period - Jamie Benn wins face-off versus Marco Rossi in Washington Capitals zone.
6:02 of 3rd period - Wrist shot by Kirill Kaprizov.
6:02 of 3rd period - Shot Blocked by Nick Jensen.
6:09 of 3rd period - Minor Penalty to Nikita Zadorov for Interference.
6:10 of 3rd period - Frederick Gaudreau wins face-off versus Anze Kopitar in Washington Capitals zone.
6:42 of 3rd period - Off-side.
6:43 of 3rd period - Roope Hintz wins face-off versus Frederick Gaudreau in neutral zone.
6:53 of 3rd period - Minor Penalty to Tyler Myers for High sticking.
6:54 of 3rd period - Shane Pinto wins face-off versus Anze Kopitar in Washington Capitals zone.
8:09 of 3rd period - Penalty to Nikita Zadorov is over, Nikita Zadorov is back on ice.
8:53 of 3rd period - Penalty to Tyler Myers is over, Tyler Myers is back on ice.
9:08 of 3rd period - Justin Brazeau is hit by Sean Kuraly and loses puck.
10:11 of 3rd period - Justin Brazeau is hit by Ian Cole and loses puck.
10:38 of 3rd period - Slapshot by Shane Pinto.
10:38 of 3rd period - Shot Misses the Net.
11:02 of 3rd period - Nick Foligno is hit by Ben Chiarot and loses puck.
11:20 of 3rd period - Icing by Moritz Seider.
11:21 of 3rd period - Lars Eller wins face-off versus Roope Hintz in Tampa Bay Lightning zone.
11:32 of 3rd period - Snap shot by Lars Eller.
11:32 of 3rd period - Stopped by Darcy Kuemper with a rebound.
12:12 of 3rd period - Slapshot by Tom Wilson.
12:12 of 3rd period - Shot Misses the Net.
12:14 of 3rd period - Wrist shot by Tom Wilson.
12:14 of 3rd period - Shot Misses the Net.
12:36 of 3rd period - Wrist shot by Kirill Kaprizov.
12:36 of 3rd period - Shot Blocked by Nick Foligno.
12:54 of 3rd period - Wrist shot by Justin Brazeau.
12:54 of 3rd period - Shot Misses the Net.
12:56 of 3rd period - Snap shot by Jason Dickinson.
12:56 of 3rd period - Stopped by Casey DeSmith without a rebound.
12:57 of 3rd period - Anze Kopitar wins face-off versus Shane Pinto in Washington Capitals zone.
13:22 of 3rd period - Marco Rossi is hit by Darnell Nurse and loses puck.
13:51 of 3rd period - Nick Jensen is hit by Trevor Moore.
13:59 of 3rd period - Nick Foligno is hit by Darnell Nurse and loses puck.
15:59 of 3rd period - Frederick Gaudreau is hit by Michael Matheson.
16:47 of 3rd period - Wrist shot by Michael Matheson.
16:47 of 3rd period - Shot Misses the Net.
17:14 of 3rd period - Backhand shot by Trevor Moore.
17:14 of 3rd period - Stopped by Casey DeSmith with a rebound.
17:28 of 3rd period - Snap shot by Sean Kuraly.
17:28 of 3rd period - Deflect By Travis Konecny.
17:28 of 3rd period - Shot Misses the Net.
17:28 of 3rd period - Puck is out of play.
17:29 of 3rd period - Lars Eller wins face-off versus Anze Kopitar in Tampa Bay Lightning zone.
17:41 of 3rd period - Slapshot by John Carlson.
17:41 of 3rd period - Shot Blocked by Hampus Lindholm.
17:43 of 3rd period - Slapshot by Jamie Oleksiak.
17:43 of 3rd period - Stopped by Darcy Kuemper with a rebound.
17:45 of 3rd period - Slapshot by Drake Batherson.
17:45 of 3rd period - Stopped by Darcy Kuemper without a rebound.
17:46 of 3rd period - Jamie Benn wins face-off versus Shane Pinto in Tampa Bay Lightning zone.
17:50 of 3rd period - Off-side.
17:51 of 3rd period - Jamie Benn wins face-off versus Shane Pinto in neutral zone.
17:53 of 3rd period - Off-side.
17:54 of 3rd period - Shane Pinto wins face-off versus Jamie Benn in neutral zone.
18:03 of 3rd period - Snap shot by Moritz Seider.
18:03 of 3rd period - Stopped by Casey DeSmith with a rebound.
18:05 of 3rd period - Snap shot by Kirill Kaprizov.
18:05 of 3rd period - Shot Blocked by John Carlson.
18:07 of 3rd period - Wrist shot by Moritz Seider.
18:07 of 3rd period - Stopped by Casey DeSmith with a rebound.
18:09 of 3rd period - Snap shot by Kirill Kaprizov.
18:09 of 3rd period - Shot Misses the Net.
18:11 of 3rd period - Slapshot by Claude Giroux.
18:11 of 3rd period - Stopped by Casey DeSmith with a rebound.
18:21 of 3rd period - Snap shot by Claude Giroux.
18:21 of 3rd period - Shot Misses the Net.
18:47 of 3rd period - Snap shot by Kirill Kaprizov.
18:47 of 3rd period - Goal by Kirill Kaprizov - Washington Capitals : 4 - Tampa Bay Lightning : 2.
18:48 of 3rd period - Roope Hintz wins face-off versus Marco Rossi in neutral zone.
19:15 of 3rd period - Darnell Nurse is hit by Ian Cole and loses puck.
Goals for this period are 2 for Washington Capitals vs 2 for Tampa Bay Lightning.
Shots for this period are 7 for Washington Capitals vs 9 for Tampa Bay Lightning.